[Event "Swedish Championship O50 2022"]
[Site "Uppsala"]
[Date "2022.07.03"]
[Round "2.1"]
[White "Winfridsson, Hakan"]
[Black "Andersson, Bjorn"]
[Result "1-0"]
[ECO "C10"]
[WhiteElo "1960"]
[BlackElo "2281"]
[Annotator "TA"]
[PlyCount "147"]
[EventDate "2022.07.01"]
[EventType "tourn"]
[EventCountry "SWE"]
[SourceTitle "playchess.com"]
[Source "ChessBase"]
[SourceQuality "1"]
[TimeControl "40/5400+30:1800+30"]

1. e4 e6 2. d4 d5 3. Nc3 dxe4 4. Nxe4 Be7 5. Bd3 Nf6 6. Nf3 Nbd7 7. c3 b6 {[%emt 0:00:31] C10: French with 3 Nc3: Unusual Black 3rd moves and 3...dxe4.} 8. O-O (8. Nxf6+ {with more complications.} Nxf6 9. Ne5 Bb7 10. Qa4+) 8... Bb7 9. Qc2 Bxe4 {[%emt 0:07:19] The position is equal.} 10. Bxe4 Nxe4 11. Qxe4 O-O 12. Ne5 Nxe5 13. dxe5 Qd7 14. Be3 Rfd8 {[%emt 0:06:06] [#]} 15. h4 $146 (15. c4 $11 {is superior.}) ({Predecessor:} 15. Qc2 Qd3 16. Qxd3 Rxd3 17. Rfd1 Rad8 18. Rxd3 Rxd3 19. Kf1 c5 20. Ke2 Rd5 21. f4 {0-1 (68) Robin,S (2292)-Plotnikov,P (2297) Chess.com INT 2017}) 15... Qd5 16. Qf4 Bc5 17. Bxc5 Qxc5 18. Rfd1 Rd5 19. Rxd5 Qxd5 $11 {[%emt 0:00:24][%mdl 4096] Endgame KQR-KQR} 20. c4 Qd3 21. Rc1 c5 ({Black should try} 21... Rd8 $17 22. c5 b5) 22. Rc3 Qb1+ 23. Kh2 Rd8 24. Qg5 {[%emt 0:04:41][%cal Rg5d8] [#]} Rd7 {[%emt 0:01:14] White must now prevent ...h6.} 25. h5 $2 (25. Rg3 $15 g6 26. h5) 25... h6 $19 (25... Qxa2 $2 26. h6 f5 27. exf6 Qxb2 28. Qe5 Qxc3 29. Qxc3 $18) ({Don't do} 25... Qxb2 26. Rg3 g6 27. Qf6 $16) 26. Qg4 Rd4 (26... Qxa2 $2 27. Rg3 f5 28. exf6 Qxb2 29. Qxe6+ Kh8 30. Qxd7 $18) (26... Qxb2 $19 27. Qf3 Qd2) 27. f4 $17 Qf5 (27... Qxa2 $2 28. Rg3 Kf8 29. Qxg7+ Ke8 30. Ra3 Qxa3 31. bxa3 $18) (27... Rd1 $17 {( -> ...Rh1+)} 28. Qe2 Rf1) 28. Qxf5 $11 exf5 {[%emt 0:00:02] KR-KR} 29. Kg3 Rd2 30. Ra3 Rxb2 31. Rxa7 Rb4 32. Ra8+ Kh7 33. Rf8 Rxc4 34. Rxf7 Ra4 (34... Kg8 $1 $14 35. Rb7 (35. Rxf5 Re4 $11) 35... Rc3+ 36. Kh2 Rc2) 35. Rb7 (35. Rxf5 $16 {Threatens to win with Rf8.} Kg8 36. Kf3) 35... Rxa2 36. Rxb6 c4 (36... Ra3+ $14 37. Kf2 Ra2+ 38. Kf3 Ra3+ 39. Kf2 Kg8) 37. Rc6 $16 Ra3+ 38. Kh2 (38. Kh4 $16) 38... c3 (38... Rc3 $11 {keeps the balance.}) 39. Rc8 ({White should play} 39. e6 $16) 39... g5 $1 $14 40. fxg5 (40. e6 $5 Ra7 41. Rxc3 gxf4 42. Rd3 $14) 40... hxg5 41. e6 {[%emt 0:31:15] White threatens e7 and mate.} Ra7 42. Rxc3 Re7 43. Rc5 Rxe6 44. Rxf5 Kh6 (44... Re4 $1 $11) 45. g4 $16 Ra6 46. Kg2 Rb6 47. Rd5 Re6 48. Kf3 Rf6+ 49. Ke3 Rf4 $2 (49... Ra6 $16 50. Ke4 Ra4+ 51. Rd4 Ra6) 50. Rd4 Rf6 {[%emt 0:01:16] [#]} 51. Ke4 $1 {[%emt 0:00:00] Ke5 would kill now.} Rf4+ $2 (51... Re6+ $16 52. Kf5 Rc6) 52. Ke5 Rf1 53. Rd6+ Kh7 54. Rg6 Re1+ 55. Kf5 Rf1+ 56. Kxg5 Rf2 57. Ra6 Rf7 58. Rb6 Rc7 59. Re6 Ra7 60. Kf6 Ra1 61. Kf7 Rg1 62. Re4 (62. Rg6 $142 Ra1 63. Ke6 Ra5 64. Kf6 Rc5 65. Rg5 Rc6+ 66. Kf5 Rc5+ 67. Kf4) 62... Kh6 63. Re6+ Kh7 64. Rg6 {[%emt 0:00:00] White mates.} Rf1+ 65. Ke6 Rf2 66. Rf6 Rg2 67. Kf5 Kg7 68. Rb6 Ra2 69. Rb7+ Kh8 70. Re7 Ra5+ 71. Kf6 Ra6+ 72. Re6 Ra8 73. g5 Ra7 74. Re8+ {[%emt 0:00:00] Quite a comeback for White.  Weighted Error Value: White=0.17 (very precise) /Black=0.36} 1-0

[Event "Swedish Championship O50 2022"]
[Site "Uppsala"]
[Date "2022.07.04"]
[Round "3.1"]
[White "Andersson, Bjorn"]
[Black "Hautajarvi, Jukka"]
[Result "0-1"]
[ECO "B33"]
[WhiteElo "2281"]
[BlackElo "2044"]
[Annotator "TA"]
[PlyCount "74"]
[EventDate "2022.07.01"]
[EventType "tourn"]
[EventCountry "SWE"]
[SourceTitle "playchess.com"]
[Source "ChessBase"]
[SourceQuality "1"]
[TimeControl "40/5400+30:1800+30"]

1. e4 c5 2. Ne2 e6 3. d4 cxd4 4. Nxd4 Nf6 5. Bd3 Qb6 6. Nb3 Nc6 7. Be3 {[%emt 0:00:51] was the old line (7.0-0).} Qc7 8. Nc3 d6 {[%emt 0:01:45] B33: Sicilian: Pelikan and Sveshnikov Variations.} 9. O-O Be7 {[%emt 0:00:15] [#] was the old line (9...a6).} 10. Rc1 $146 ({Predecessor:} 10. f4 a6 11. Qf3 O-O 12. Rae1 Nb4 13. a3 Nxd3 14. cxd3 Bd7 15. Rc1 Bc6 16. Nd4 Rac8 17. f5 e5 18. Nde2 Qa5 19. b4 Qd8 20. d4 exd4 21. Bxd4 Re8 22. Qg3 Bf8 23. Nf4 Nxe4 24. Nxe4 Rxe4 25. Bxg7 Bxg7 26. Nh5 Qb6+ 27. Rc5 Kf8 28. Qxd6+ Re7 29. f6 Bxf6 30. Qxf6 {1-0 (30) Kaidanov,G (2560)-Gareyev,T (2587) Indianapolis 2021}) 10... Bd7 {[%emt 0:01:12] The position is equal.} 11. Nb5 Qb8 12. c4 Ne5 13. f3 (13. c5 $142 d5 14. Nd6+ Bxd6 15. cxd6) 13... O-O 14. Qe2 (14. Nc3 $11) 14... Rd8 ({Black should play} 14... Bxb5 $15 15. cxb5 Nxd3 16. Qxd3 d5) 15. Rfd1 (15. Bb1 $11) 15... a6 (15... Nxd3 $15 16. Rxd3 (16. Qxd3 Bxb5 17. cxb5 d5 $15) 16... d5 17. exd5 Bxb5 18. cxb5 Nxd5) 16. Na3 b5 17. cxb5 (17. c5 $11 {keeps the balance.}) 17... Nxd3 18. Qxd3 axb5 19. Qb1 (19. Qd2 $142) 19... h6 20. Nd4 {[%emt 0:04:11] [#]} (20. Bf2 $17) 20... Qb7 ({Black should try} 20... d5 $1 $19 {...b4 is the strong threat.} 21. exd5 Nxd5) 21. Rd2 e5 22. Ne2 (22. Nb3 $17) 22... Be6 23. Rdc2 Rd7 {[%emt 0:02:49] Inhibits Rc7.} 24. Rd1 $2 (24. Rc6 Bd8 25. Qd3) 24... d5 $19 25. exd5 Nxd5 ({Not} 25... Bf5 $2 26. Ng3 Bg6 27. Bf2 $19) 26. Bf2 Bf5 27. Rc8+ $2 (27. Ng3 Bxc2 28. Nxc2) 27... Rxc8 {[%emt 0:01:12] Black is clearly winning.} 28. Qxf5 Bxa3 29. bxa3 Nf6 30. Rxd7 Qxd7 31. Qxd7 Nxd7 {[%emt 0:00:09][%mdl 4096] Endgame KRN-KBN} 32. Be3 Rc2 33. Kf1 Rxa2 34. Bc1 Nc5 {[%emt 0:00:14] [#] Threatens to win with ...Nd3.} 35. Be3 Ra1+ 36. Kf2 Nd3+ 37. Kg3 Rxa3 {[%emt 0:00:14] Weighted Error Value: White=0.86/Black=0.21 (precise)} 0-1

[Event "Swedish Championship O50 2022"]
[Site "Uppsala"]
[Date "2022.07.05"]
[Round "4.1"]
[White "Winfridsson, Hakan"]
[Black "Hautajarvi, Jukka"]
[Result "0-1"]
[ECO "B10"]
[WhiteElo "1960"]
[BlackElo "2044"]
[Annotator "TA"]
[PlyCount "68"]
[EventDate "2022.07.01"]
[EventType "tourn"]
[EventCountry "SWE"]
[SourceTitle "playchess.com"]
[Source "ChessBase"]
[SourceQuality "1"]
[TimeControl "40/5400+30:1800+30"]

1. e4 c6 2. Nf3 d5 3. exd5 cxd5 4. Ne5 Nf6 5. d4 g6 6. c3 {[%emt 0:00:14] B10: Caro-Kann: 2 d3 and 2 c4.} Bg7 7. Bd3 Nc6 8. f4 {[%emt 0:00:13] The position is equal.} Qc7 9. O-O Bf5 {[%emt 0:00:20] [#]} 10. Kh1 $146 ({Predecessor:} 10. Na3 O-O 11. Nc2 e6 12. Bxf5 exf5 13. Ne3 Rad8 14. Bd2 Ne4 15. Be1 f6 16. Nd3 {0-1 (47) Nielsen,L (2233)-Agrest,E (2590) Helsingor 2009}) 10... e6 11. Bxf5 exf5 12. Nd2 O-O 13. Ndf3 Rad8 14. Qd3 Ne4 15. Be3 Rfe8 16. Bg1 Bh6 17. g3 f6 18. Nxc6 Qxc6 19. a4 Bf8 20. Rfc1 Rc8 21. a5 a6 22. Nd2 Nxd2 {[%emt 0:01:32] Black is more active.} 23. Qxd2 Qb5 24. Be3 Re4 25. Re1 Rce8 26. Kg2 $2 {[%emt 0:00:23][%mdl 8192] [#]} (26. b4 $17 {is more resistant.}) 26... Rxe3 $1 $19 27. Rxe3 Rxe3 28. Qxe3 {[%emt 0:00:02] Hoping for Qe6+.} Qxb2+ 29. Kh3 Qxa1 30. Qe6+ Kg7 31. Qd7+ Kh6 32. Qxd5 Qxc3 33. Qxb7 Qd3 {[%emt 0:00:32] [#] ( -> ...Qe2)} 34. d5 Qf1+ {[%emt 0:00:07] White did not feel at home in the position after the opening.  Weighted Error Value: White=0.75/Black=0.02 (flawless)} 0-1

[Event "Swedish Championship O50 2022"]
[Site "Uppsala"]
[Date "2022.07.06"]
[Round "5.1"]
[White "Hautajarvi, Jukka"]
[Black "Westerlund, Ola"]
[Result "1/2-1/2"]
[ECO "E65"]
[WhiteElo "2044"]
[BlackElo "1880"]
[Annotator "TA"]
[PlyCount "46"]
[EventDate "2022.07.01"]
[EventType "tourn"]
[EventCountry "SWE"]
[SourceTitle "playchess.com"]
[Source "ChessBase"]
[SourceQuality "1"]
[TimeControl "40/5400+30:1800+30"]

1. Nf3 g6 2. g3 Bg7 3. d4 Nf6 4. Bg2 O-O 5. O-O d6 6. c4 c5 7. dxc5 dxc5 8. Nc3 Nc6 9. Be3 Be6 10. Qa4 Qb6 11. Qb5 {[%emt 0:00:20] The position is equal.} Nd7 {[%emt 0:06:45] E65: King's Indian: Fianchetto: 6...c5 7 0-0 without d5 by White.} 12. Ng5 Nd4 13. Bxd4 cxd4 14. Nxe6 dxc3 15. Nxg7 (15. Qxd7 $2 cxb2 16. Rad1 (16. Nxg7 $2 bxa1=R 17. Rxa1 Kxg7 $19) 16... Qxe6 17. Qxe6 fxe6 18. Bxb7 Rab8 $17) 15... Qxb5 16. cxb5 cxb2 {[%emt 0:00:03] [#]} 17. Rab1 $1 {[%emt 0:00:11] [#] An even fight not without its subleties.  Weighted Error Value: White=0.01 (flawless) /Black=0.00 (flawless)} {Predecessor:} Nc5 $146 18. Rxb2 Kxg7 19. Rc1 Rac8 20. b6 axb6 21. Rxb6 Rc7 22. Bf3 Ra8 23. Rb5 Rac8 {½-½ (49) Sygulski,P (2182)-Mytych,R (1768) Czudec 2016} 1/2-1/2